 Dungeon Crawl Stone Soup version 0.17.0-28-g6e173f8 (webtiles) character file.

1006 PossumBlood the Shield-Bearer (level 8, 0/70 HPs)
             Began as a Minotaur Fighter on Dec 2, 2015.
             Was a Follower of Okawaru.
             Slain by Pikel
             ... wielding a +1 whip of electrocution
              (16 damage)
             ... on level 5 of the Dungeon.
             The game lasted 00:11:04 (3830 turns).

PossumBlood the Shield-Bearer (Minotaur Fighter)    Turns: 3830, Time: 00:11:04

Health: 0/70       AC: 15    Str: 23    XL:     8   Next: 0%
Magic:  7/7        EV:  6    Int:  5    God:    Okawaru [*.....]
Gold:   204        SH: 10    Dex: 10    Spells: 0 memorised, 7 levels left

rFire  . . .     SeeInvis .     q - +1 long sword
rCold  . . .     Clarity  +     l - +0 plate armour
rNeg   . . .     SustAt   .     c - +0 shield
rPois  .         Gourm    .     (helmet restricted)
rElec  .         Spirit   .     p - +1 cloak
rCorr  .         Warding  .     (no gloves)
rMut   .         Stasis   .     (no boots)
MR     .....                    d - amulet of clarity
Stlth  ..........               n - ring of stealth
                                u - ring of flight

@: very slightly contaminated, hasted, very quick, not resistant to hostile
enchantments, extremely unstealthy
A: retaliatory headbutt, horns 2
a: Heroism, Renounce Religion, Evoke Flight


You were on level 5 of the Dungeon.
You worshipped Okawaru.
Okawaru was aware of your devotion.
You were not hungry.

You visited 1 branch of the dungeon, and saw 5 of its levels.

You collected 204 gold pieces.

Inventory:

Hand Weapons
 q - a +1 long sword (weapon)
Armour
 b - a +0 scale mail
 c - a +0 shield (worn)
 l - a +0 plate armour (worn)
 p - a +1 cloak (worn)
Jewellery
 d - an amulet of clarity (around neck)
 n - a ring of stealth (right hand)
 u - a ring of flight (left hand)
Wands
 e - a wand of random effects (39)
Scrolls
 g - a scroll of teleportation
 i - a scroll of remove curse
 o - a scroll of identify
Potions
 h - a potion of resistance {unknown}
 k - a potion of haste
 m - a potion of cancellation
Comestibles
 a - a slice of pizza
 f - 2 meat rations
 j - a bread ration


   Skills:
 + Level 6.2 Fighting
 * Level 6.1 Long Blades
 + Level 6.1 Armour
 - Level 2.1 Dodging
 + Level 6.8 Shields


You had 7 spell levels left.
You didn't know any spells.

Dungeon Overview and Level Annotations

Branches:
Dungeon (5/15)
 Temple: D:4-7

Altars:
Cheibriados
Elyvilon
Gozag
Kikubaaqudgha
Makhleb
Okawaru
Sif Muna
Vehumet

Shops:
D:4 :   D:5 *

Annotations:
D:5 Pikel


Innate Abilities, Weirdness & Mutations

You reflexively headbutt those who attack you in melee.
You have a pair of horns on your head.


Message History

You block Pikel's attack.
You closely miss Pikel. Your headbutt misses Pikel.
Pikel is heavily wounded.
The slave hits you but does no damage. You block the slave's attack.
Pikel hits you but does no damage.
You are electrocuted!
* * * LOW HITPOINT WARNING * * *
Your shield and plate armour prevent you from hitting Pikel.
Your headbutt misses Pikel.
Pikel is heavily wounded.
You block the slave's attack. The slave completely misses you.
You furiously retaliate!
You headbutt the slave. You block Pikel's attack.
The slave hits you but does no damage. x2
Drink which item? (? for menu, Esc to quit)
You feel yourself speed up. Pikel hits you but does no damage.
The slave hits you but does no damage. x2
You are very lightly contaminated with residual magic.
You closely miss Pikel.
Pikel is heavily wounded.
Pikel hits you but does no damage.
You are electrocuted!
You die...

#..## ##.###
#...#####..##
#....##.....##
##.......###..# #
#....#.### ##..
##. ##....#.# ##.
####..###....#..#
##
......Kp.#......#
##
.....pp@.........#
###.
.....p##.∩.#.....#
#... .....
#...............#
#.$.
#.#.......#...###
#.. .......####..#
# .. ...#...## #..
# . ..###..##
###...... .. ..#
#.....#.. ....#
###


You could see Pikel and 4 slaves.

Vanquished Creatures
  The ghost of Ponchio the Skirmisher, an amateur HOBe of Trog (D:3)
  An orc warrior (D:4)
  An ogre (D:4)
  A wight (D:4)
  A scorpion (D:4)
  2 hounds (D:4)
  A jelly (D:5)
  A gnoll shaman (D:4)
  An orc priest (D:4)
  Ijyb (D:2)
  3 giant frog skeletons (D:5)
  3 worker ants
  An orc wizard (D:4)
  Robin (D:2)
  7 adders
  4 gnolls (D:4)
  3 oozes
  3 worms
  5 giant geckos
  3 orcs (D:4)
  7 bats
  4 giant cockroaches
  13 goblins
  15 hobgoblins
  2 quokkas
  2 ball pythons (D:1)
  6 giant newts
  5 jackals
  3 kobolds
  15 rats
116 creatures vanquished.

Notes
Turn   | Place    | Note
--------------------------------------------------------------
     0 | D:1      | PossumBlood the Minotaur Fighter began the quest for the Orb.
     0 | D:1      | Reached XP level 1. HP: 19/19 MP: 0/0
   150 | D:1      | Reached XP level 2. HP: 25/27 MP: 1/1
   173 | D:1      | Reached skill level 4 in Armour
   585 | D:1      | Reached XP level 3. HP: 33/33 MP: 2/2
   846 | D:2      | Noticed Ijyb
   847 | D:2      | Noticed Robin
   858 | D:2      | Killed Ijyb
   858 | D:2      | Reached skill level 1 in Dodging
   858 | D:2      | Reached XP level 4. HP: 20/40 MP: 3/3
   882 | D:2      | Killed Robin
  1422 | D:3      | Reached XP level 5. HP: 47/47 MP: 4/4
  1477 | D:3      | Found a white marble altar of Elyvilon.
  1487 | D:3      | Noticed Ponchio's ghost (amateur HOBe)
  1502 | D:3      | Killed Ponchio's ghost
  1502 | D:3      | Reached skill level 5 in Shields
  1502 | D:3      | Reached XP level 6. HP: 31/55 MP: 5/5
  1505 | D:3      | Reached skill level 5 in Armour
  1718 | D:3      | Found a snail-covered altar of Cheibriados.
  1747 | D:3      | Found a deep blue altar of Sif Muna.
  1764 | D:3      | Found a radiant altar of Vehumet.
  1802 | D:3      | Found an opulent altar of Gozag.
  1833 | D:3      | Found an ancient bone altar of Kikubaaqudgha.
  2139 | D:4      | Reached skill level 5 in Fighting
  2441 | D:4      | Found an iron altar of Okawaru.
  2452 | D:4      | Became a worshipper of Warmaster Okawaru
  2530 | D:4      | Reached skill level 6 in Shields
  2596 | D:4      | Reached XP level 7. HP: 19/61 MP: 6/6
  2832 | D:4      | Found Kunon's Book Boutique.
  3118 | D:4      | Reached skill level 5 in Long Blades
  3474 | D:4      | Reached * piety under Okawaru
  3517 | D:4      | Found a burning altar of Makhleb.
  3557 | D:5      | Entered Level 5 of the Dungeon
  3795 | D:5      | Reached XP level 8. HP: 68/70 MP: 7/7
  3808 | D:5      | Found Jagahunt's General Store.
  3814 | D:5      | Noticed Pikel
  3830 | D:5      | Slain by Pikel

Action                   |  1- 3 |  4- 6 |  7- 9 || total
-------------------------+-------+-------+-------++-------
Melee: Long sword        |   111 |   138 |   138 ||   387
  Use: Scroll            |     3 |     4 |     3 ||    10
       Potion            |       |     7 |     1 ||     8
  Eat: Bread ration      |       |     1 |       ||     1
       Pizza             |       |     1 |       ||     1
       Meat ration       |       |       |     1 ||     1
